 Dungeon Crawl Stone Soup version 0.29-a0-555-g3b24f45cc1 (webtiles) character file.

Game seed: 5668978422582160183

77 bande the Cleaver (level 4, -1/38 HPs)
             Began as a Gnoll Wanderer on June 7, 2022.
             Succumbed to Jessica's poison
             ... on level 2 of the Dungeon.
             The game lasted 00:02:43 (1650 turns).

bande the Cleaver (Gnoll Wanderer)                  Turns: 1650, Time: 00:02:44

Health: -1/38      AC: 12    Str: 12 (13) XL:     4   Next: 34%
Magic:  6/6        EV:  2    Int:  8 (11) God:
Gold:   113        SH:  0    Dex: 11 (12) Spells: 5/5 levels left

rFire   . . .      SeeInvis .   a - +3 hand axe
rCold   . . .      Faith    .   (no shield)
rNeg    . . .      Spirit   .   h - +0 plate armour
rPois   .          Reflect  .   (helmet restricted)
rElec   .          Harm     .   (no cloak)
rCorr   .          Rampage  .   (no gloves)
Will    +....      Clarity  +   (no boots)
Stlth   ..........              (no amulet)
HPRegen 0.12/turn               (no ring)
MPRegen 0.10/turn               (no ring)

@: lethally poisoned (-1 -> -16)
A: fangs 1, strong nose, distributed training, horns 1, iridescent scales 1,
clarity, strong-willed 1
a: no special abilities


You were on level 2 of the Dungeon.
You visited 1 branch of the dungeon, and saw 2 of its levels.

You collected 113 gold pieces.

Inventory:

Hand Weapons
 a - a +3 hand axe (weapon)
 c - a +0 dagger
 k - a +0 flail
Missiles
 b - 15 poisoned darts (quivered)
Armour
 e - a +0 leather armour
 h - a +0 plate armour (worn)
Scrolls
 i - 3 scrolls of identify
 l - a scroll of immolation {unknown}
Potions
 d - a potion of haste
 j - 2 potions of mutation


   Skills:
 + Level 4.6 Fighting
 + Level 1.1 Short Blades
 + Level 1.1 Long Blades
 + Level 8.5 Axes
 + Level 1.1 Maces & Flails
 + Level 1.1 Polearms
 + Level 1.1 Staves
 + Level 1.1 Slings
 + Level 1.1 Bows
 + Level 1.1 Crossbows
 + Level 2.7 Throwing
 + Level 1.1 Armour
 + Level 1.1 Dodging
 + Level 2.5 Stealth
 + Level 1.1 Shields
 + Level 1.1 Unarmed Combat
 + Level 1.1 Spellcasting
 + Level 0.8 Conjurations
 + Level 0.8 Hexes
 + Level 0.8 Summonings
 + Level 0.8 Necromancy
 + Level 0.8 Translocations
 + Level 0.8 Transmutations
 + Level 0.8 Fire Magic
 + Level 0.8 Ice Magic
 + Level 0.8 Air Magic
 + Level 0.8 Earth Magic
 + Level 0.8 Poison Magic
 + Level 2.8 Invocations
 + Level 2.7 Evocations


You had 5 spell levels left.
You didn't know any spells.
Your spell library contained the following spells:

 Spells                   Type           Power      Damage    Failure   Level
 Beastly Appendage        Tmut           2%         N/A       100%        1
 Wereblood                Tmut           1%         N/A       100%        2
 Spider Form              Tmut/Pois      1%         N/A       100%        3


Dungeon Overview and Level Annotations

Branches:
Dungeon (2/15)

Altars:

Annotations:
D:2 Jessica


Innate Abilities, Weirdness & Mutations

You have very sharp teeth.
Your uncanny sense of smell can sniff out nearby items.
Your experience applies equally to all skills.
You have a pair of small horns on your head.
You are partially covered in iridescent scales. (AC +2)
You possess an exceptional clarity of mind.
You are strong-willed. (Will+)


Message History

You barely miss Jessica. You bite Jessica, but do no damage.
Jessica hits you with a +3 dagger of venom.
You are poisoned.
You hit Jessica.
Jessica is lightly wounded.
You feel very sick.
Jessica hits you with a +3 dagger of venom!
You are lethally poisoned!
You hit Jessica but do no damage. You bite Jessica.
Jessica is moderately wounded.
You feel very sick. Jessica casts a spell at you.
Pain shoots through your body!
* * * LOW HITPOINT WARNING * * *
You are too injured to fight recklessly!
You are too injured to fight recklessly!
You are too injured to fight recklessly!
You are too injured to fight recklessly!
You are too injured to fight recklessly!
You are too injured to fight recklessly!
You are too injured to fight recklessly!
You are too injured to fight recklessly!
Unknown command.
You feel better.
Jessica hits you with a +3 dagger of venom.
* * * LOW HITPOINT WARNING * * *
You are lethally poisoned!
It was a potion of mutation.
You feel extremely strange.
Your thoughts seem clearer.
You feel strong-willed.
Iridescent scales grow over part of your body.
A pair of horns grows on your head!
* * * LOW HITPOINT WARNING * * *
You feel sick.
Jessica hits you with a +3 dagger of venom.
* * * LOW HITPOINT WARNING * * *
You are more poisoned.
It was a potion of degeneration.
There was something very wrong with that liquid.
You feel weakened.
You feel dopey.
You feel clumsy.
You die...

.........#...# #.#...#.# #.....
.....P...#...# #.#)#.#.# #.####
#P......#....# #.#...#'###.#
#.......#....# #.#.......#.#
#.......#....# #.#.......#.#
.##...##.#'### #.#.......#.#
..#...#.##.# ####'#.#+#####.#
...###..##.####......#.$ #.#
........##.#....@.......# #.#
.#####'###.#...@....##.## #.# .#
#..##.#.......#...# #.# .#
##.##.#####+###.### #.# .# #.##.#
#.#<#.# #.# .# #.##.# #.#.#.# #.#
.# ##.##.#####.#.#.# #.#
.#####.........#.#...#####.#.#
............##.#.#.........#.####


You could see Jessica.

Vanquished Creatures
  Terence (D:2)
  A worm (D:2)
  7 bats
  5 endoplasms (D:1)
  5 goblins
  4 hobgoblins (D:1)
  4 jackals (D:2)
  4 kobolds
  2 quokkas
  5 ball pythons (D:1)
  A frilled lizard (D:1)
  7 rats
46 creatures vanquished.

Vanquished Creatures (others)
  10 fungi (D:2)
  3 plants (D:2)
  3 withered plants (D:2)
16 creatures vanquished.

Grand Total: 62 creatures vanquished

Notes
Turn   | Place    | Note
-------+----------+-------------------------------------------
     0 | D:1      | bande the Gnoll Wanderer began the quest for the Orb.
     0 | D:1      | bande set off with the following items: a +3 hand axe, 15
                  | poisoned darts, a +0 dagger, a potion of haste, a +0
                  | leather armour
     0 | D:1      | Reached XP level 1. HP: 20/20 MP: 2/2
   131 | D:1      | Reached XP level 2. HP: 25/26 MP: 3/3
   458 | D:1      | Reached XP level 3. HP: 27/31 MP: 4/4
  1076 | D:2      | Found a faded altar of an unknown god.
  1086 | D:2      | Noticed Terence
  1097 | D:2      | Killed Terence
  1098 | D:2      | Reached skill level 1 in Short Blades
  1098 | D:2      | Reached skill level 1 in Long Blades
  1098 | D:2      | Reached skill level 1 in Maces & Flails
  1098 | D:2      | Reached skill level 1 in Polearms
  1098 | D:2      | Reached skill level 1 in Staves
  1098 | D:2      | Reached skill level 1 in Slings
  1098 | D:2      | Reached skill level 1 in Bows
  1098 | D:2      | Reached skill level 1 in Crossbows
  1098 | D:2      | Reached skill level 1 in Armour
  1098 | D:2      | Reached skill level 1 in Dodging
  1098 | D:2      | Reached skill level 1 in Shields
  1098 | D:2      | Reached skill level 1 in Unarmed Combat
  1098 | D:2      | Reached skill level 1 in Spellcasting
  1098 | D:2      | Reached XP level 4. HP: 28/38 MP: 6/6
  1641 | D:2      | Noticed Jessica
  1649 | D:2      | Gained mutation: You possess an exceptional clarity of
                  | mind. [potion of mutation]
  1649 | D:2      | Gained mutation: You are strong-willed. (Will+) [potion of
                  | mutation]
  1649 | D:2      | Gained mutation: You are partially covered in iridescent
                  | scales. (AC +2) [potion of mutation]
  1649 | D:2      | Gained mutation: You have a pair of small horns on your
                  | head. [potion of mutation]
  1650 | D:2      | Succumbed to Jessica's poison

Illustrated notes

Levels and vault maps discovered:
D:1:      lightli_arrival_chessboard, layout_basic,
          hangedman_decor_clover_reticule
D:2:      layout_basic, shapermc_ecumenical_altar_gd, uniq_terence, uniq_jessica

Skill      XL: |  1  2  3 |
---------------+----------+-----
Short Blades   | 1 |  1.1
Long Blades    | 1 |  1.1
Maces & Flails | 1 |  1.1
Polearms       | 1 |  1.1
Staves         | 1 |  1.1
Slings         | 1 |  1.1
Bows           | 1 |  1.1
Crossbows      | 1 |  1.1
Armour         | 1 |  1.1
Dodging        | 1 |  1.1
Shields        | 1 |  1.1
Unarmed Combat | 1 |  1.1
Spellcasting   | 1 |  1.1
Fighting       | |  4.6
Axes           | |  8.5
Throwing       | |  2.7
Stealth        | |  2.5
Conjurations   | |  0.8
Hexes          | |  0.8
Summonings     | |  0.8
Necromancy     | |  0.8
Translocations | |  0.8
Transmutations | |  0.8
Fire Magic     | |  0.8
Ice Magic      | |  0.8
Air Magic      | |  0.8
Earth Magic    | |  0.8
Poison Magic   | |  0.8
Invocations    | |  2.8
Evocations     | |  2.7

Action                   |  1- 3 |  4- 6 || total
-------------------------+-------+-------++-------
Melee: Hand axe          |    76 |    21 ||    97
       Bite              |     5 |     2 ||     7
  Use: Scroll            |     2 |       ||     2
       Potion            |       |     3 ||     3
 Stab: Sleeping          |     2 |       ||     2
Armor: Leather armour    |     4 |       ||     4
       Plate armour      |    22 |    22 ||    44
Dodge: Dodged            |    23 |     4 ||    27

Table legend: (Time is in decaauts)
 A = Elapsed time spent in this place.
 B = Non-inter-level travel time spent in this place.
 C = Inter-level travel time spent in this place.
 D = Time resting spent in this place.
 E = Time spent auto-exploring this place.
 F = Levels seen in this place.
 G = Mean time per level.
                   A        B        C        D        E       F      G
               +--------+--------+--------+--------+--------+-----+--------+
         Total |   1637 |   1604 |     33 |      0 |   1313 |   2 |  818.5 |
       Dungeon |   1637 |   1604 |     33 |      0 |   1313 |   2 |  818.5 |
               +--------+--------+--------+--------+--------+-----+--------+

Top non-repeatable levels by time:
     D:1: 939 daAuts
     D:2: 698 daAuts
